 Dungeon Crawl Stone Soup version 0.20-a0-493-g19c8d8d (webtiles) character file.

169 AlphabetPasta the Charlatan (level 5, -8/38 HPs)
             Began as a Mummy Artificer on Jan 16, 2017.
             Was an Initiate of Okawaru.
             Killed by divine providence
             ... invoked by a smoke demon
             ... summoned by Xom
              (12 damage)
             ... on level 3 of the Dungeon.
             The game lasted 00:11:47 (2916 turns).

AlphabetPasta the Charlatan (Mummy Artificer)       Turns: 2916, Time: 00:11:49

Health: -8/38      AC:  5    Str: 17    XL:     5   Next: 25%
Magic:  7/7        EV: 16    Int: 10    God:    Okawaru [......]
Gold:   104        SH:  0    Dex: 12    Spells: 4/4 levels left

rFire    x . .     SeeInvis .   i - +1 mace
rCold    + . .     Gourm    .   j - +0 ring mail
rNeg     + + +     Faith    .   (no shield)
rPois    ∞         Spirit   .   (no helmet)
rElec    .         Reflect  .   (no cloak)
rCorr    .         Harm     .   (no gloves)
MR       .....                  (no boots)
Stlth    +.........             (no amulet)
Regen    0.2/turn               (no ring)
                                l - +5 ring of evasion

@: about to teleport
A: no food or potions, fire vulnerability, cold resistance 1, negative energy
resistance 3, torment resistance, unbreathing
a: Renounce Religion


You were on level 3 of the Dungeon.
You worshipped Okawaru.
Okawaru was noncommittal.
You were not hungry.

You visited 1 branch of the dungeon, and saw 3 of its levels.

You collected 104 gold pieces.

Inventory:

Hand Weapons
 a - a +0 short sword
 i - a +1 mace (weapon)
Armour
 b - a +0 leather armour
 j - a +0 ring mail (worn)
Jewellery
 l - a +5 ring of evasion (left hand)
Wands
 c - a wand of flame (12/48)
 d - a wand of enslavement (10/24)
 e - a wand of random effects (9/48)
Scrolls
 f - a scroll of magic mapping
 g - 3 scrolls of identify
 h - a scroll of remove curse


   Skills:
 + Level 2.1 Fighting
 - Level 0.7 Short Blades
 + Level 1.2 Armour
 + Level 2.4 Dodging
 - Level 0.7 Stealth
 + Level 0.8 Invocations
 * Level 3.6 Evocations


You had 4 spell levels left.
You didn't know any spells.

Dungeon Overview and Level Annotations

Branches:
Dungeon (3/15)

Altars:
Okawaru
Qazlal
Sif Muna
Trog
Xom


Innate Abilities, Weirdness & Mutations

You do not eat or drink.
Your flesh is vulnerable to fire.
You are immune to poison.
Your flesh is cold resistant. (rC+)
You are immune to negative energy. (rN+++)
You are immune to unholy pain and torment.
You can survive without breathing.


Message History

HP restored.
You see here 2 bubbling black potions. "Time to have some fun!"
As you read the scroll of teleportation, it crumbles to dust.
You feel strangely unstable.
You barely miss the white imp. The ufetubus misses you.
The ufetubus closely misses you. The ufetubus hits you.
The ufetubus closely misses you. The orange demon stings you.
The orange demon hits you.
The crimson imp grins evilly.
The iron imp grinds its teeth.
The iron imp hits you. x2; The iron imp hits you!
Unknown command.
You hit the quasit.
The quasit is moderately wounded.
The orange demon stings you!
* * * LOW HITPOINT WARNING * * *
The orange demon closely misses you. The smoke demon gestures at you.
Xom smites you!
You die...

####### ##5455.# ####
##55@55.# #.. ###.555#5.#
##.## .######...35###..#
##...##### ...........##
#..##........#
.####.##..#+ #.......###.#
##.###.## ##...#.## #.#
#........#+ ##..#.#.# #.#
#.#.#.#...## ##(..#.#.#
#..
#.#...........###..#.#.#.#
###


You could see an orange demon, a smoke demon, 4 iron imps, 3 quasits, a crimson
imp, a white imp and 3 ufetubi.

Vanquished Creatures
  Jessica (D:2)
  Ijyb (D:2)
  A worker ant (D:3)
  An adder (D:2)
  An ooze (D:1)
  2 worms (D:2)
  4 dart slugs
  2 leopard geckos (D:3)
  3 orcs (D:3)
  3 ball pythons
  7 bats
  2 giant cockroaches
  7 goblins
  4 hobgoblins
  6 jackals
  6 kobolds
  3 frilled lizards (D:1)
  5 rats
59 creatures vanquished.

Vanquished Creatures (collateral kills)
  A leopard gecko (D:1)
  A ball python (D:1)
  A bat (D:1)
3 creatures vanquished.

Vanquished Creatures (others)
  A leopard gecko (D:1)
1 creature vanquished.

Grand Total: 63 creatures vanquished

Notes
Turn   | Place    | Note
-------+----------+-------------------------------------------
     0 | D:1      | AlphabetPasta the Mummy Artificer began the quest for the Orb.
     0 | D:1      | Reached XP level 1. HP: 15/15 MP: 2/2
   222 | D:1      | Reached XP level 2. HP: 18/21 MP: 3/3
   966 | D:1      | Reached XP level 3. HP: 26/26 MP: 5/5
  1088 | D:2      | Noticed Jessica
  1213 | D:2      | Killed Jessica
  1213 | D:2      | Reached skill level 1 in Armour
  1213 | D:2      | Reached skill level 3 in Evocations
  1299 | D:2      | Found a faded altar of an unknown god.
  1330 | D:2      | Became a worshipper of Xom of Chaos
  1334 | D:2      | Reached XP level 4. HP: 15/33 MP: 6/6
  1421 | D:2      | Found a stormy altar of Qazlal.
  1422 | D:2      | Found a deep blue altar of Sif Muna.
  1422 | D:2      | Found a bloodstained altar of Trog.
  1424 | D:2      | Found an iron altar of Okawaru.
  1432 | D:2      | Fell from the grace of Xom
  1432 | D:2      | Became a worshipper of Warmaster Okawaru
  1436 | D:2      | Noticed Ijyb
  1443 | D:2      | Killed Ijyb
  1524 | D:2      | XOM: 1-stop teleportation journey
  1590 | D:2      | XOM: mild Divn miscast
  1616 | D:2      | XOM: divination: detect creatures
  2150 | D:3      | XOM: medium Tmut miscast
  2160 | D:3      | Reached XP level 5. HP: 5/38 MP: 7/7
  2247 | D:3      | XOM: mild Pois miscast
  2435 | D:3      | XOM: mild Necr miscast
  2507 | D:3      | XOM: severe Erth miscast
  2913 | D:3      | XOM: summons 14 hostile demons
  2914 | D:3      | Noticed a smoke demon
  2914 | D:3      | Noticed an orange demon
  2916 | D:3      | Killed from afar by a smoke demon

Vault maps used:
D:1:      minmay_arrival_four_houses
D:2:      grunt_temple_overflow_open, chequers_ecumenical_altar_simple_redux,
          uniq_iyjb, uniq_jessica
D:3:      minmay_misc_feat_chi, nemelex_diamond_rough_becter

Skill      XL: |  1  2  3  4 |
---------------+-------------+-----
Armour         | 1 |  1.2
Dodging        | 2 |  2.4
Evocations     | 3 |  3.6
Fighting       | 2 |  2.1
Short Blades   | |  0.7
Stealth        | |  0.7
Invocations    | |  0.8

Action                   |  1- 3 |  4- 6 || total
-------------------------+-------+-------++-------
Melee: Short sword       |    24 |       ||    24
       Mace              |    83 |   127 ||   210
Evoke: Wand              |     9 |     5 ||    14
  Use: Scroll            |     4 |     6 ||    10
 Stab: Confused          |     1 |       ||     1
       Paralysed         |       |     3 ||     3
       Sleeping          |       |     1 ||     1
Armor: Leather armour    |    28 |    20 ||    48
       Ring mail         |       |    31 ||    31
Dodge: Dodged            |    81 |   110 ||   191
